 Dungeon Crawl Stone Soup version 0.21-a0-297-ga3d34c2 (webtiles) character file.

10358 4thArraOfDagon the Cleaver (level 11, -13/89 HPs)
             Began as a Formicid Chaos Knight on Sept 28, 2017.
             Mangled by a two-headed ogre
             ... wielding a +0 giant club
              (17 damage)
             ... on level 9 of the Dungeon.
             The game lasted 00:33:17 (6169 turns).

4thArraOfDagon the Cleaver (Formicid Chaos Knight)  Turns: 6169, Time: 00:33:18

Health: -13/89     AC:  9    Str: 19    XL:     11   Next: 91%
Magic:  9/9        EV: 10    Int: 18    God:    Xom [..*...]
Gold:   179        SH:  6    Dex: 12    Spells: 10/10 levels left

rFire    . . .     SeeInvis +   E - +1 battleaxe (curse)
rCold    + . .     Gourm    .   o - +0 buckler
rNeg     . . .     Faith    .   f - +0 plate armour
rPois    .         Spirit   .   (helmet unavailable)
rElec    +         Reflect  .   (no cloak)
rCorr    .         Harm     .   F - +0 pair of gloves {Str+3}
MR       +....     Clarity  +   v - +0 pair of boots
Stlth    ..........             (no amulet)
HPRegen  0.24/turn              z - ring of protection from cold
MPRegen  0.11/turn              (no ring)

@: drained
A: permanent stasis, dig shafts and tunnels, four strong arms, antennae 3, beak,
repulsion field 1, icy blue scales 1, thin skeletal structure 1, clarity, clever
1, deformed body, deterioration 1, low mp 1, electricity resistance
a: Dig, Shaft Self, Renounce Religion


You were on level 9 of the Dungeon.
You worshipped Xom.
You were a toy of Xom.
You were hungry.

You visited 1 branch of the dungeon, and saw 11 of its levels.
You also visited: Sewer and Ossuary.

You collected 572 gold pieces.
You spent 393 gold pieces at shops.

Inventory:

Hand Weapons
 a - a +0 hand axe of chaos
 r - a +1 whip of electrocution
 s - a +1 flail of protection
 E - a cursed +1 battleaxe (weapon)
 Q - a +0 vampiric war axe
Armour
 b - a +2 leather armour
 d - a +0 pair of gloves
 f - a +0 plate armour (worn)
 o - a +0 buckler (worn)
 v - a +0 pair of boots (worn)
 y - a +0 large shield
 F - a +0 pair of gloves of strength (worn)
Magical Staves
 J - an uncursed staff of wizardry {unknown}
Jewellery
 z - a ring of protection from cold (left hand)
Wands
 i - a wand of flame (14/48)
 A - a wand of polymorph (12/24)
 B - a wand of lightning (0/15)
 H - a wand of paralysis (22/24)
 P - a wand of flame (30/48)
 R - a wand of iceblast (7/15)
Scrolls
 e - a scroll of fog {unknown}
 g - 2 scrolls of magic mapping
 j - 2 scrolls of random uselessness
 l - a scroll of fear
 m - a scroll of noise {unknown}
 t - 6 scrolls of amnesia
 u - 3 scrolls of remove curse {unknown}
 w - 2 scrolls of enchant armour {unknown}
 x - 2 scrolls of enchant weapon {unknown}
 C - 4 scrolls of teleportation {unknown}
 K - a scroll of recharging
Potions
 h - 2 potions of resistance
 n - 5 potions of heal wounds
 p - 3 potions of magic
 q - 3 potions of haste {unknown}
 D - 4 potions of curing
 G - 2 potions of mutation
 L - 5 potions of might
 M - 2 potions of lignification
Books
 N - a book of Misfortune

   Spells                             Type                      Level
   a - Confusing Touch                Hexes                        1
   b - Confuse                        Hexes                        3
   c - Gell's Gravitas                Translocation                3
   d - Petrify                        Transmutation/Earth          4
   e - Metabolic Englaciation         Hexes/Ice                    5
   f - Yara's Violent Unravelling     Hexes/Transmutation          5
Miscellaneous
 T - a lightning rod (inert)
Comestibles
 c - 8 bread rations
 I - a royal jelly
 O - 2 meat rations


   Skills:
 + Level 9.4(8.9) Fighting
 * Level 11.8(11.2) Axes
 - Level 2.1(1.7) Armour
 + Level 7.4(6.9) Dodging
 + Level 9.3(8.8) Shields


You had 10 spell levels left.
You didn't know any spells.

Dungeon Overview and Level Annotations

Branches:
Dungeon (11/15)            Temple (0/1) D:5            Lair (0/6) D:9
    Orc: D:9-12

Altars:
Ashenzari
Cheibriados
Fedhas
Nemelex Xobeh
Qazlal
Trog
Vehumet
Xom
Zin

Shops:
D:4 =   D:5 ?   D:7 ?!:*=   D:8 *   D:9 (


Innate Abilities, Weirdness & Mutations

You cannot be hasted, slowed, berserked, paralysed or teleported.
You can dig through walls and to a lower floor.
Your four strong arms can wield two-handed weapons with a shield.
You have a pair of large antennae on your head. (SInv)
You have a beak for a mouth.
You are surrounded by a mild repulsion field. (EV +2)
You are partially covered in icy blue scales. (AC +2)
You have a somewhat thin skeletal structure. (Dex +2, Stealth)
You possess an exceptional clarity of mind.
Your mind is acute. (Int +2)
Armour fits poorly on your strangely shaped body.
Your body sometimes deteriorates upon taking damage.
Your magical capacity is low. (-10% MP)
You are resistant to electric shocks. (rElec)


Message History

Attack!
Your giant spiked club hits the two-headed ogre!!!
There is a stone staircase leading down here.
You are feeling hungry.
Your giant spiked club hits the two-headed ogre!
You completely miss the two-headed ogre.
You peck the two-headed ogre, but do no damage.
The two-headed ogre is severely wounded.
The two-headed ogre wields a giant club.
You block the two-headed ogre's attack.
The two-headed ogre hits you with a giant club!
Your giant spiked club hits the two-headed ogre but does no damage.
You catch the helpless two-headed ogre completely off-guard!
You hit the two-headed ogre.
The two-headed ogre is severely wounded.
The two-headed ogre hits you with a giant club!!
* * * LOW HITPOINT WARNING * * *
The two-headed ogre hits you with a giant club!
You die...
Xom chuckles heartily!

### #######.# ..
........# .#
#######@# .# #O#
.# #(# .# #####
#.# .####### #...#
#.#
.#.....###...###.#
.!.....))_._))(.>#
.#.....###.[.###.#
.#######
#..[###.#####


You could see a two-headed ogre and a friendly giant spiked club.

Vanquished Creatures
  2 two-headed ogres (D:9)
  An elephant (D:9)
  3 hippogriffs
  Sigmund (D:3)
  2 wyverns
  A human (D:7)
  2 basilisks (D:9)
  12 yaks
  3 hogs (D:7)
  A golden eye (D:7)
  A hungry ghost (D:7)
  Duvessa (D:7)
  3 sky beasts
  3 orc warriors
  An ice beast (D:6)
  An eye of draining (D:9)
  2 ogres
  2 phantoms
  A necrophage (D:6)
  4 centaurs
  4 bullfrogs
  Dowan (D:7)
  A water moccasin skeleton (D:7)
  6 scorpions
  15 wights
  2 howler monkeys
  A centaur zombie (Ossuary)
  2 human zombies (Ossuary)
  6 quasits
  A crimson imp (D:6)
  4 orc priests
  A bullfrog zombie (D:6)
  2 jellies
  A centaur skeleton (D:6)
  2 bullfrog skeletons (D:10)
  6 orc wizards
  Ijyb (D:5)
  2 iguanas (D:4)
  5 worker ants
  4 big kobold zombies (Ossuary)
  3 hound skeletons
  2 mummies (Ossuary)
  2 worker ant zombies
  7 gnolls
  A howler monkey skeleton (D:8)
  5 scorpion zombies (Ossuary)
  18 adders
  A river rat (D:3)
  4 shadow imps
  2 adder zombies
  A worm (shapeshifter) (D:9)
  An adder skeleton (D:6)
  5 worms
  3 dart slugs
  6 leopard geckos
  28 orcs
  8 ball pythons
  7 bats
  6 giant cockroaches
  2 gnoll zombies (Ossuary)
  5 goblins
  14 hobgoblins
  16 jackals
  14 kobolds
  6 quokkas
  5 frilled lizards
  3 goblin zombies (Ossuary)
  3 kobold zombies (Ossuary)
  2 orc zombies (Ossuary)
  A quokka skeleton (D:6)
  9 rats
  7 plants (Sewer)
311 creatures vanquished.

Vanquished Creatures (collateral kills)
  The ghost of p0werm0de the Fighter, a novice GnCK of Xom (D:8)
  A yak (D:9)
  A porcupine (D:4)
  An ogre (D:6)
  A scorpion (Ossuary)
  An orc wizard (D:4)
  A worker ant (D:4)
  A mummy (Ossuary)
  A gnoll (D:4)
  A dart slug (D:4)
  A gnoll zombie (Ossuary)
  A ball python (D:4)
  A leopard gecko skeleton (D:4)
13 creatures vanquished.

Vanquished Creatures (others)
  A quokka (D:3)
  A fungus (D:9)
  A plant (Sewer)
3 creatures vanquished.

Grand Total: 327 creatures vanquished

Notes
Turn   | Place    | Note
-------+----------+-------------------------------------------
     0 | D:1      | 4thArraOfDagon the Formicid Chaos Knight began the quest for the Orb.
     0 | D:1      | Reached XP level 1. HP: 18/18 MP: 1/1
    95 | D:1      | Reached XP level 2. HP: 23/24 MP: 2/2
   100 | D:1      | Reached skill level 1 in Dodging
   173 | D:1      | XOM: silly message
   221 | D:2      | Reached XP level 3. HP: 29/29 MP: 3/3
   358 | D:2      | Reached skill level 4 in Axes
   358 | D:2      | Reached XP level 4. HP: 37/37 MP: 4/4
   570 | D:2      | XOM: noise
   705 | D:3      | XOM: noise
   758 | D:3      | Reached XP level 5. HP: 34/42 MP: 5/5
   781 | D:3      | Found a sparkling altar of Nemelex Xobeh.
   845 | D:3      | Found a shattered altar of Ashenzari.
   918 | D:3      | Found a glowing drain.
   919 | D:3      | Reached skill level 1 in Shields
   922 | Sewer    | Entered a sewer
   956 | Sewer    | XOM: harmless Air miscast
  1454 | D:3      | Reached XP level 6. HP: 45/49 MP: 6/6
  1630 | D:3      | Noticed Sigmund
  1639 | D:3      | Killed Sigmund
  1639 | D:3      | Reached skill level 5 in Axes
  1639 | D:3      | Reached XP level 7. HP: 48/55 MP: 7/7
  1688 | D:3      | XOM: scenery: create altars
  1736 | D:4      | XOM: cleaving
  1746 | D:4      | XOM: scenery: 2 doors open
  1804 | D:5      | Entered Level 5 of the Dungeon
  1816 | D:5      | XOM: give mutations
  1816 | D:5      | Gained mutation: You are partially covered in icy blue scales. (AC +2) [Xom's grace]
  1816 | D:5      | Gained mutation: You are surrounded by a mild repulsion field. (EV +2) [Xom's grace]
  1816 | D:5      | Gained mutation: You have a beak for a mouth. [Xom's grace]
  1839 | D:4      | Found a stormy altar of Qazlal.
  1840 | D:4      | Noticed a water elemental
  1846 | D:4      | Reached skill level 5 in Fighting
  1849 | D:4      | Noticed a fire elemental
  1853 | D:4      | Noticed an air elemental
  1869 | D:4      | XOM: smoke on damage
  1897 | D:4      | Found a blossoming altar of Fedhas.
  2006 | D:4      | Found Bolaahug's Jewellery Shop.
  2041 | D:4      | Reached skill level 6 in Axes
  2041 | D:4      | Reached XP level 8. HP: 49/62 MP: 8/8
  2188 | D:5      | XOM: destruction
  2207 | D:5      | Identified the Incunabulum of Venom and Dislocation
  2297 | D:5      | Found a staircase to the Ecumenical Temple.
  2321 | D:5      | Noticed Ijyb
  2321 | D:5      | XOM: summons friendly iron imp
  2325 | D:5      | Found Toukla's Magic Scroll Boutique.
  2327 | D:5      | Killed Ijyb
  2343 | D:5      | Bought a scroll of identify for 28 gold pieces
  2343 | D:5      | Bought a scroll of random uselessness for 14 gold pieces
  2407 | D:6      | XOM: god gift: club {god gift}
  2408 | D:6      | XOM: confuse monster(s)
  2468 | D:6      | XOM: enchant monster (good)
  2483 | D:6      | Reached skill level 7 in Axes
  2484 | D:6      | XOM: polymorph crimson imp -> quasit
  2513 | D:6      | XOM: summons 7 friendly demons
  2536 | D:6      | Reached skill level 5 in Shields
  2536 | D:6      | Reached XP level 9. HP: 48/69 MP: 9/9
  2539 | D:6      | XOM: scenery: create altars
  2640 | D:6      | Reached skill level 8 in Axes
  2777 | D:6      | Found a shimmering altar of Xom.
  2864 | D:7      | Reached skill level 5 in Dodging
  2884 | D:7      | XOM: polymorph hog -> golden eye
  2894 | D:7      | XOM: noise
  2896 | D:7      | XOM: harmless Pois miscast
  2950 | D:7      | XOM: noise
  3008 | D:7      | Found Loukkeg's Assorted Antiques.
  3015 | D:7      | Bought a scroll labeled TAINGORRUSO for 26 gold pieces
  3015 | D:7      | Bought a green potion for 23 gold pieces
  3015 | D:7      | Bought a scroll labeled IQODDI JEINN for 26 gold pieces
  3054 | D:7      | Found Xaf Qinn's Distillery.
  3087 | D:7      | Found a snail-covered altar of Cheibriados.
  3152 | D:7      | Bought a potion of mutation for 88 gold pieces
  3152 | D:7      | Bought a potion of might for 44 gold pieces
  3152 | D:7      | Bought a potion of lignification for 33 gold pieces
  3152 | D:7      | Bought a potion of might for 44 gold pieces
  3152 | D:7      | Bought a potion of degeneration for 11 gold pieces
  3225 | D:7      | Reached skill level 9 in Axes
  3225 | D:7      | Reached XP level 10. HP: 50/79 MP: 10/10
  3285 | D:7      | XOM: chaos cloud
  3576 | D:7      | XOM: fake destruction
  3584 | D:7      | Found a bloodstained altar of Trog.
  3610 | D:8      | Found Zin's Purification Station.
  3610 | D:8      | Found a glowing silver altar of Zin.
  3611 | D:8      | XOM: give mutations
  3611 | D:8      | Gained mutation: Your mind is acute. (Int +2) [Xom's grace]
  3611 | D:8      | Gained mutation: You are resistant to electric shocks. (rElec) [Xom's grace]
  3673 | D:8      | XOM: fog
  3682 | D:8      | XOM: god gift: twisted glowing staff {god gift}
  3707 | D:8      | XOM: summons friendly ufetubus
  3949 | D:8      | Found a sand-covered staircase.
  3957 | Ossuary  | Entered an ossuary
  4014 | Ossuary  | XOM: cast spell 'Summon Ice Beast'
  4129 | Ossuary  | Reached skill level 10 in Axes
  4312 | D:8      | Gained mutation: Your magical capacity is low. (-10% MP) [mutagenic meat]
  4314 | D:8      | Gained mutation: You possess an exceptional clarity of mind. [mutagenic meat]
  4315 | D:8      | Gained mutation: Armour fits poorly on your strangely shaped body. [mutagenic meat]
  4316 | D:8      | Gained mutation: Your spells are a little harder to cast, but a little more powerful. [mutagenic meat]
  4317 | D:8      | Lost mutation: Your spells are a little harder to cast, but a little more powerful. [mutagenic meat]
  4334 | D:7      | Found Texzi's Magic Scroll Shoppe.
  4341 | D:7      | Bought a scroll of magic mapping for 56 gold pieces
  4366 | D:7      | Noticed Duvessa
  4366 | D:7      | Noticed Dowan
  4378 | D:7      | p0werm0de: fack fock fuck!!
  4382 | D:7      | XOM: fog
  4390 | D:7      | Killed Duvessa
  4395 | D:7      | Killed Dowan
  4419 | D:7      | Found Illuis's Book Boutique.
  4472 | D:7      | XOM: fog
  4556 | D:8      | Noticed p0werm0de's ghost (novice GnCK)
  4557 | D:8      | 4thArraOfDagon: ohhh!
  4557 | D:8      | 4thArraOfDagon: I'm sorry :(
  4558 | D:7      | Found Faut's Jewellery Boutique.
  4559 | D:7      | p0werm0de: ^^
  4563 | D:7      | p0werm0de: ?
  4573 | D:7      | p0werm0de: GnCK died
  4598 | D:8      | 4thArraOfDagon: :)
  4598 | D:8      | p0werm0de: you noticed they got updated?
  4598 | D:8      | p0werm0de: !hs * gn--
  4598 | D:8      | beem: 13548. eld the Executioner (L27 GnFi of Cheibriados), escaped with the Orb and 15 runes on 2017-04-24 07:57:49, with 35608288 points after 41374 turns and 7:59:32.
  4598 | D:8      | p0werm0de: this in reach now ATTACK
  4598 | D:8      | 4thArraOfDagon: ohh
  4598 | D:8      | p0werm0de: ash prob
  4598 | D:8      | 4thArraOfDagon: how they got updated?
  4598 | D:8      | p0werm0de: +8 all apts 14 base attribues
  4598 | D:8      | p0werm0de: but train all skills at once
  4598 | D:8      | 4thArraOfDagon: ohh
  4598 | D:8      | 4thArraOfDagon: how does it go?
  4598 | D:8      | 4thArraOfDagon: is it op? :)
  4598 | D:8      | p0werm0de: dominolapin has a zin dude xl24
  4598 | D:8      | p0werm0de: he has skills at 15 i think
  4598 | D:8      | p0werm0de: so with ash all like 20 prob
  4598 | D:8      | 4thArraOfDagon: oh
  4598 | D:8      | 4thArraOfDagon: thats amazing
  4598 | D:8      | p0werm0de: ye
  4598 | D:8      | 4thArraOfDagon: trog is restricted to non-magic skilsl?
  4598 | D:8      | 4thArraOfDagon: or still ?
  4598 | D:8      | p0werm0de: no clue
  4598 | D:8      | p0werm0de: thatd be op
  4598 | D:8      | p0werm0de: >
  4598 | D:8      | 4thArraOfDagon: ya haha
  4598 | D:8      | XOM: divination: detect items
  4604 | D:8      | XOM: cleaving
  4614 | D:8      | XOM: summons 4 friendly demons
  4617 | D:8      | XOM: scenery: 4 doors close
  4630 | D:8      | XOM: summons 9 friendly demons
  4634 | D:8      | Killed p0werm0de's ghost
  4636 | D:8      | 4thArraOfDagon: rip
  4691 | D:8      | Found a radiant altar of Vehumet.
  4759 | D:8      | :(
  4810 | D:9      | Reached XP level 11. HP: 57/87 MP: 9/9
  4815 | D:9      | XOM: summons 4 friendly demons
  4872 | D:9      | Found Sezamp's Weapon Emporium.
  4880 | D:9      | 4thArraOfDagon: haha
  4880 | D:9      | 4thArraOfDagon: what an amazing xom weapon
  4880 | D:9      | p0werm0de: ye nice
  4926 | D:9      | XOM: fog
  4939 | D:9      | Gained mutation: You have large cloven feet. [mutagenic meat]
  4940 | D:9      | Gained mutation: You have a somewhat thin skeletal structure. (Dex +2, Stealth) [mutagenic meat]
  4942 | D:9      | Lost mutation: You have large cloven feet. [mutagenic meat]
  5110 | D:9      | Reached skill level 11 in Axes
  5116 | D:9      | Noticed a two-headed ogre
  5121 | D:9      | XOM: summons 2 friendly demons
  5143 | D:9      | XOM: polymorph orc wizard -> adder
  5149 | D:9      | XOM: confuse monster(s)
  5183 | D:9      | Noticed an elephant
  5184 | D:9      | Found a staircase to the Lair.
  5206 | D:9      | XOM: scenery: create altars
  5209 | D:9      | XOM: enchant monster (good)
  5219 | D:9      | You fall through a shaft!
  5219 | D:10     | Entered Level 10 of the Dungeon
  5364 | D:10     | XOM: confuse monster(s)
  5525 | D:10     | XOM: scenery: create altars
  5931 | D:9      | XOM: cleaving
  5949 | D:9      | Noticed a two-headed ogre
  5949 | D:9      | XOM: harmless Ice miscast
  5952 | D:9      | Noticed a cyclops
  5978 | D:9      | XOM: potion effect (might)
  5987 | D:9      | XOM: silly message
  5996 | D:9      | XOM: potion effect (curing)
  6008 | D:9      | Killed a two-headed ogre
  6008 | D:9      | XOM: harmless Tmut miscast
  6013 | D:9      | Killed a two-headed ogre
  6018 | D:9      | Killed an elephant
  6031 | D:9      | XOM: potion effect (might)
  6049 | D:9      | Gained mutation: Your body sometimes deteriorates upon taking damage. [mutagenic meat]
  6083 | D:9      | XOM: mild Hex miscast
  6087 | D:9      | XOM: cast spell 'Call Canine Familiar'
  6124 | D:9      | Noticed a two-headed ogre
  6149 | D:9      | XOM: harmless Ice miscast
  6169 | D:9      | HP: 4/89 [two-headed ogre/giant club (23)]
  6169 | D:9      | Mangled by a two-headed ogre

Vault maps used:
D:1:      tarquinn_simple_flora_water_a
D:2:      minivault_24
D:3:      wad_river_or_something, nicolae_overflow_crystal_walls,
          lemuel_crystal_altar, gup_sewer_entry_spiral, uniq_sigmund
D:4:      lemuel_crystal_altar, nicolae_qazlal_style_of_elements,
          old_standard_altar, serial_shops, shop, first_bread,
          uniq_crazy_yiuf_cottage
D:5:      cheibrodos_quashed, nicolae_tso_carved_into_rock,
          minmay_temple_entry_large_hall, serial_shops, nicolae_shop_stone,
          uniq_ijyb
D:6:      kennysheep_mini
D:7:      kennysheep_little_box, serial_shops, shop, shop, shop, shop, shop,
          grunt_livestock, chei_slow_surprise, uniq_duvessa
D:8:      zin_purify, vehumet_altar_wand_db, amethyst_overflow_temple_binary,
          lightli_ossuary_entry_decrepit_ruins
D:9:      david_lair_generic, serial_shops, nicolae_shop_window_shopping
D:10:     serial_shops, shop, hex_large, serial_bayou_pond_e, uniq_erica
D:11:     lemuel_slime, orc_0_dummy, uniq_fannar
Sewer:    sewer_co_scattered_pipes
Ossuary:  ossuary_minmay_scorpions

Skill      XL: |  1  2  3  4  5  6  7  8  9 10 11 |
---------------+----------------------------------+-----
Dodging        | 1 2 3 4 5 6 7 |  7.4
Axes           | 4 5 6 7 9 10 11 | 11.8
Fighting       | 4 5 6 7 8 9 |  9.4
Shields        | 1 2 3 5 6 7 9 |  9.3
Armour         | |  2.1

Action                   |  1- 3 |  4- 6 |  7- 9 | 10-12 || total
-------------------------+-------+-------+-------+-------++-------
Melee: Hand axe          |    61 |   356 |   369 |   548 ||  1334
       Peck              |       |       |    55 |   134 ||   189
       Battleaxe         |       |       |       |    33 ||    33
 Abil: Dig               |     7 |    21 |    31 |    26 ||    85
       Shaft Self        |       |       |       |     1 ||     1
Evoke: Wand              |       |       |       |     7 ||     7
       Lightning rod     |       |       |       |     4 ||     4
  Use: Potion            |       |     1 |     3 |     3 ||     7
       Scroll            |       |       |     2 |    10 ||    12
 Stab: Paralysed         |       |     2 |     1 |    27 ||    30
       Confused          |       |       |     5 |     2 ||     7
       Petrified         |       |       |    12 |     5 ||    17
       Distracted        |       |       |       |     3 ||     3
       Petrifying        |       |       |       |     1 ||     1
  Eat: Chunk             |       |     7 |     5 |    15 ||    27
       Fruit             |       |     4 |     4 |       ||     8
       Royal jelly       |       |       |     1 |     3 ||     4
       Meat ration       |       |       |     1 |     1 ||     2
Armor: Leather armour    |     5 |       |       |       ||     5
       Plate armour      |    36 |   228 |   255 |   195 ||   714
Dodge: Dodged            |    25 |    86 |   137 |   170 ||   418
Block: Buckler           |       |    23 |    74 |   108 ||   205

Table legend:
 A = Spawn XP
 B = Non-spawn XP
 C = Spawn XP percentage of total XP
 D = Spawn monster count
 E = Non-spawn monster count
 F = Spawn count percentage of total count
 G = Total turns spent on level
                    A         B        C        D         E        F      G
               +---------+---------+-------+---------+---------+-------+---------
         Total |       0 |   14798 |   0.0 |       0 |     318 |   0.0 |  6169
               +---------+---------+-------+---------+---------+-------+---------
           D:1 |       0 |      33 |   0.0 |       0 |      18 |   0.0 |   282
           D:2 |       0 |      89 |   0.0 |       0 |      25 |   0.0 |   425
           D:3 |       0 |     455 |   0.0 |       0 |      48 |   0.0 |   520
           D:4 |       0 |     463 |   0.0 |       0 |      20 |   0.0 |   327
           D:5 |       0 |     255 |   0.0 |       0 |       7 |   0.0 |   347
           D:6 |       0 |    1292 |   0.0 |       0 |      36 |   0.0 |   447
           D:7 |       0 |    2308 |   0.0 |       0 |      26 |   0.0 |  1008
           D:8 |       0 |    2057 |   0.0 |       0 |      31 |   0.0 |   579
           D:9 |       0 |    5133 |   0.0 |       0 |      30 |   0.0 |   702
          D:10 |       0 |    1745 |   0.0 |       0 |      17 |   0.0 |   653
          D:11 |       0 |     183 |   0.0 |       0 |       6 |   0.0 |    43
         Sewer |       0 |      42 |   0.0 |       0 |      22 |   0.0 |   495
       Ossuary |       0 |     743 |   0.0 |       0 |      32 |   0.0 |   341
               +---------+---------+-------+---------+---------+-------+---------
